 Dungeon Crawl Stone Soup version 0.28-a0-883-gc8d7bad45d (webtiles) character file.

Game seed: 16294136856141572863

3752 shukka the Protected (level 9, 0/74 HPs)
             Began as a Minotaur Berserker on Nov 21, 2021.
             Was a Priest of Trog.
             Slain by a fire elemental (5 damage)
             ... summoned by a deep elf pyromancer
             ... on level 8 of the Dungeon.
             The game lasted 00:35:29 (7932 turns).

shukka the Protected (Minotaur Berserker)           Turns: 7932, Time: 00:35:29

Health: 0/74       AC: 14    Str: 22    XL:     9   Next: 93%
Magic:  8/8        EV:  8    Int:  5    God:    Trog [***...]
Gold:   305        SH: 15    Dex: 12    Spells: 8/8 levels left

rFire   + . .      SeeInvis .   l - +2 short sword (drain)
rCold   . . .      Faith    .   i - +0 tower shield
rNeg    . . .      Spirit   .   M - +4 scale mail
rPois   .          Reflect  +   (helmet restricted)
rElec   .          Harm     .   I - scarf {+Inv}
rCorr   .          Rampage  .   a - +0 pair of gloves
Will    ++...                   (no boots)
Stlth   ..........              J - amulet of reflection
HPRegen 1.22/turn               f - ring of protection from fire
MPRegen 0.11/turn               j - ring of flight

@: on fire, strong-willed, flying, regenerating, glowing
A: horns 2, retaliatory headbutt
a: Renounce Religion, Evoke Invisibility, Berserk, Trog's Hand


You were on level 8 of the Dungeon.
You worshipped Trog.
Trog was most pleased with you.
You visited 2 branches of the dungeon, and saw 9 of its levels.
You also visited: Sewer.

You collected 395 gold pieces.
You spent 90 gold pieces at shops.

Inventory:

Hand Weapons
 h - a +2 halberd of protection
 l - a +2 short sword of draining (weapon)
 v - a +0 falchion
 w - a +0 hand crossbow
Missiles
 c - 39 arrows
 d - 259 stones
 m - 33 sling bullets
 n - 42 poisoned darts (quivered)
 s - 81 bolts
Armour
 a - a +0 pair of gloves (worn)
 i - a +0 tower shield (worn)
 I - a scarf of invisibility (worn)
 M - a +4 scale mail (worn)
Jewellery
 f - a ring of protection from fire (left hand)
 j - a ring of flight (right hand)
 J - an amulet of reflection (around neck)
 O - a ring of see invisible
 R - a ring of fire
 S - a +6 ring of intelligence
Wands
 L - a wand of acid (8)
 P - a wand of flame (21)
Scrolls
 e - 4 scrolls of identify {unknown}
 g - 3 scrolls of teleportation {unknown}
 p - 2 scrolls of magic mapping {unknown}
 q - a scroll of acquirement {unknown}
 x - 2 scrolls of fear {unknown}
 y - a scroll of enchant weapon {unknown}
 B - a scroll of immolation {unknown}
 H - a scroll of torment {unknown}
 N - a scroll of enchant armour {unknown}
 Q - a scroll of amnesia {unknown}
Potions
 b - a potion of lignification {unknown}
 k - 2 potions of flight
 o - 5 potions of curing
 r - 2 potions of resistance {unknown}
 t - 2 potions of invisibility
 u - a potion of ambrosia {unknown}
 z - 4 potions of magic
 A - 2 potions of heal wounds {unknown}
 C - 2 potions of mutation {unknown}
 D - a potion of might {unknown}
 E - a potion of brilliance {unknown}
 F - 2 potions of cancellation {unknown}
 G - a potion of berserk rage {unknown}
 K - a potion of attraction {unknown}


   Skills:
 - Level 5.0 Fighting
 + Level 9.7 Long Blades
 - Level 0.6 Throwing
 + Level 10.8 Armour
 + Level 8.7 Dodging
 - Level 0.6 Evocations


You had 8 spell levels left.
You didn't know any spells.
Your spell library was empty.

Dungeon Overview and Level Annotations

Branches:
Dungeon (8/15)             Temple (1/1) D:6           Sewer (visited)
   Lair: D:8-11

Altars:
Ashenzari
Cheibriados
Dithmenos
Elyvilon
Fedhas
Gozag
Hepliaklqana
Kikubaaqudgha
Makhleb
Nemelex Xobeh
Okawaru
Qazlal
Ru
Sif Muna
Uskayaw
Vehumet
Wu Jian
Xom
Yredelemnul
Zin
The Shining One


Innate Abilities, Weirdness & Mutations

You have a pair of horns on your head.
You reflexively headbutt those who attack you in melee.


Message History

You are covered in liquid flames!
The fire elemental hits you. The fire elemental burns you! You resist.
The deep elf pyromancer gestures at you while chanting.
The sticky flame hits you but does no damage.
You are covered in liquid flames!
You miss the deep elf pyromancer.
The deep elf pyromancer is moderately wounded.
You are covered in liquid flames!
The fire elemental hits you. The fire elemental burns you! You resist.
You block the fire elemental's attack.
The deep elf pyromancer hits you but does no damage.
You hit the deep elf pyromancer but do no damage.
You drain the deep elf pyromancer.
The deep elf pyromancer is moderately wounded.
You are covered in liquid flames!
You block the fire elemental's attack.
The deep elf pyromancer casts a spell at you.
The sticky flame hits you but does no damage.
You are covered in liquid flames!
The fire elemental hits you. The fire elemental burns you! You resist.
You hit the deep elf pyromancer but do no damage.
The deep elf pyromancer is moderately wounded.
You are covered in liquid flames!
The fire elemental completely misses you.
You furiously retaliate!
You headbutt the fire elemental.
The deep elf pyromancer casts a spell at you.
The bolt of fire hits you. You resist.
* * * LOW HITPOINT WARNING * * *
The bolt of fire hits the fire elemental.
The fire elemental completely resists.
You block the fire elemental's attack.
The deep elf pyromancer casts a spell at you.
The bolt of fire hits you! You resist.
* * * LOW HITPOINT WARNING * * *
The bolt of fire hits the fire elemental.
The fire elemental completely resists.
Your skin crawls.
You feel strong-willed.
You are covered in liquid flames!
The fire elemental hits you. The fire elemental burns you! You resist.
You die...

###÷#.#
#.#.# #.#.#
###.# #
..#.# #.#.#
#.#.#
#.#E###
#.##..†@.###
#.....(.e..#
########.###
.# .# .# ..
##


You could see a deep elf pyromancer (drained) and a fire elemental (summoned).

Vanquished Creatures
  A two-headed ogre (D:7)
  Prince Ribbit (D:7)
  Grinder (D:3)
  A wyvern (D:6)
  A water moccasin (D:7)
  A necrophage (D:5)
  2 ice beasts
  5 ogres
  A centaur (D:7)
  5 kobold brigands (Sewer)
  2 bullfrogs (D:7)
  A scorpion (D:6)
  A water moccasin zombie (D:5)
  2 bullfrog zombies (D:6)
  3 howler monkeys
  2 centaur zombies
  A centaur skeleton (D:7)
  2 hounds
  2 orc wizards
  4 iguanas
  A hound skeleton (D:4)
  7 gnolls
  2 howler monkey skeletons (D:4)
  6 adders
  A shadow imp (D:7)
  2 white imps
  An ufetubus (D:7)
  An adder skeleton (D:5)
  A dart slug (D:4)
  12 orcs
  10 ball pythons
  7 endoplasms
  4 giant cockroaches
  8 goblins
  6 hobgoblins
  4 jackals (D:3)
  6 quokkas (D:1)
  7 bats
  4 frilled lizards
  A jackal skeleton (D:4)
  16 kobolds
  7 rats
153 creatures vanquished.

Vanquished Creatures (collateral kills)
  A cyclops (D:8)
  3 howler monkeys (D:8)
4 creatures vanquished.

Vanquished Creatures (others)
  A white imp (D:7)
  4 plants
5 creatures vanquished.

Grand Total: 162 creatures vanquished

Notes
Turn   | Place    | Note
-------+----------+-------------------------------------------
     0 | D:1      | shukka the Minotaur Berserker began the quest for the Orb.
     0 | D:1      | Reached XP level 1. HP: 19/19 MP: 0/0
   365 | D:1      | Reached XP level 2. HP: 26/27 MP: 1/1
   537 | D:1      | Found a faded altar of an unknown god.
   673 | D:1      | Reached ** piety under Trog
   678 | D:1      | Reached XP level 3. HP: 32/34 MP: 2/2
  1484 | D:2      | Reached XP level 4. HP: 41/41 MP: 3/3
  1962 | D:2      | Reached skill level 5 in Fighting
  2075 | D:3      | Noticed Grinder
  2116 | D:3      | Paralysed by Grinder for 7 turns
  2128 | D:3      | Killed Grinder
  2129 | D:3      | Reached skill level 5 in Long Blades
  2129 | D:3      | Reached skill level 3 in Armour
  2129 | D:3      | Reached XP level 5. HP: 15/48 MP: 4/4
  2129 | D:3      | Reached XP level 6. HP: 18/56 MP: 5/5
  2352 | D:3      | Found a white marble altar of Elyvilon.
  2383 | D:3      | Found an opulent altar of Gozag.
  2394 | D:3      | Reached skill level 4 in Armour
  2440 | D:3      | Found a basalt altar of Yredelemnul.
  2815 | D:3      | Found an ancient bone altar of Kikubaaqudgha.
  2815 | D:3      | Found a stormy altar of Qazlal.
  3337 | D:4      | Found a glowing drain.
  3348 | Sewer    | Entered a sewer
  3442 | Sewer    | Reached skill level 5 in Armour
  3442 | Sewer    | Reached XP level 7. HP: 61/61 MP: 6/6
  3484 | Sewer    | Reached *** piety under Trog
  3605 | Sewer    | Reached skill level 6 in Armour
  3605 | Sewer    | Reached skill level 5 in Dodging
  4590 | D:5      | Entered Level 5 of the Dungeon
  4629 | D:5      | Reached skill level 7 in Armour
  4629 | D:5      | Reached XP level 8. HP: 37/68 MP: 7/7
  5621 | D:5      | Found Zin's Purification Station.
  5628 | D:5      | Found a glowing silver altar of Zin.
  5653 | D:5      | Reached skill level 8 in Armour
  5668 | D:5      | Bought a potion of curing for 90 gold pieces
  5975 | D:5      | Found a radiant altar of Vehumet.
  6405 | D:6      | Found a staircase to the Ecumenical Temple.
  6427 | Temple   | Entered the Ecumenical Temple
  6640 | D:6      | Found a glowing golden altar of the Shining One.
  6988 | D:6      | Reached skill level 9 in Armour
  6998 | D:6      | Reached **** piety under Trog
  7080 | D:7      | Found a broken altar of Ashenzari.
  7193 | D:7      | Noticed Prince Ribbit
  7205 | D:7      | Killed Prince Ribbit
  7206 | D:7      | Reached XP level 9. HP: 52/74 MP: 8/8
  7451 | D:7      | Noticed a two-headed ogre
  7458 | D:7      | Noticed a deep elf pyromancer
  7480 | D:7      | Killed a two-headed ogre
  7481 | D:7      | Reached skill level 10 in Armour
  7512 | D:8      | Noticed a cyclops
  7517 | D:8      | Killed a cyclops
  7932 | D:8      | Slain by a fire elemental

Illustrated notes

Levels and vault maps discovered:
D:1:      nzn_arrival_depleted_hourglass, layout_loops_ring,
          hellmonk_ecumenical_altar_zigzags, serial_bayou_pond_c,
          kennysheep_boxes
D:2:      layout_rooms, minmay_pentomino_v4
D:3:      layout_basic, mainiacjoe_overflow_catwalk,
          mainiacjoe_overflow_tiny_flanked, lemuel_tele_altar,
          gammafunk_temple_overflow_wave, uniq_grinder
D:4:      layout_cave_pods, cheibrodos_sewer_entry_sluice
D:5:      layout_layer_cave, nicolae_vehumet_radiance, zin_purify,
          small_statue_intersection
D:6:      layout_basic, mainiacjoe_overflow_alcove_2,
          minmay_temple_entry_large_hall
D:7:      nzn_winding_woodlands_three_and_one
          [nzn_winding_woodlands_5x15_river_crossing,
          nzn_winding_woodlands_5x15_pathside_ponds,
          nzn_winding_woodlands_5x15_pool,
          nzn_winding_woodlands_center_pierced_h], layout_rooms,
          amcnicky_altar_gilded, tgw_trog, uniq_prince_ribbit1
D:8:      layout_basic
Temple:   nicolae_temple_x_marks_the_god

Skill      XL: |  1  2  3  4  5  6  7  8  9 |
---------------+----------------------------+-----
Fighting       | 4 5 |  5.0
Long Blades    | 4 5 6 8 9 |  9.7
Dodging        | 3 4 5 7 8 |  8.7
Armour         | 3 5 7 9 10 | 10.8
Throwing       | |  0.6
Evocations     | |  0.6

Action                   |  1- 3 |  4- 6 |  7- 9 || total
-------------------------+-------+-------+-------++-------
Melee: Dagger            |    49 |       |       ||    49
       Falchion          |     4 |       |       ||     4
       Headbutt          |    10 |    14 |    62 ||    86
       Short sword       |    39 |    83 |   252 ||   374
Throw: Stone             |       |       |     3 ||     3
       Dart              |       |       |    10 ||    10
Invok: Berserk           |       |     1 |     2 ||     3
       Brothers in Arms  |       |       |     2 ||     2
       Trog's Hand       |       |       |     1 ||     1
  Use: Potion            |       |       |     3 ||     3
Armor: Animal skin       |     1 |       |       ||     1
       Ring mail         |    19 |     9 |       ||    28
       Chain mail        |       |    25 |    41 ||    66
       Scale mail        |       |       |   119 ||   119
Dodge: Dodged            |    40 |    39 |   134 ||   213
Block: Tower shield      |       |       |    18 ||    18
       Reflection        |       |       |     3 ||     3
       Other             |       |       |     2 ||     2

Table legend: (Time is in decaauts)
 A = Elapsed time spent in this place.
 B = Non-inter-level travel time spent in this place.
 C = Inter-level travel time spent in this place.
 D = Time resting spent in this place.
 E = Time spent auto-exploring this place.
 F = Levels seen in this place.
 G = Mean time per level.
                   A        B        C        D        E       F      G
               +--------+--------+--------+--------+--------+-----+--------+
         Total |   7950 |   7790 |    160 |   1740 |   3931 |  10 |  795.0 |
       Dungeon |   7463 |   7303 |    160 |   1740 |   3682 |   8 |  932.9 |
        Temple |    181 |    181 |      0 |      0 |    169 |   1 |  181.0 |
         Sewer |    305 |    305 |      0 |      0 |     80 |   1 |  305.0 |
               +--------+--------+--------+--------+--------+-----+--------+

Top non-repeatable levels by time:
     D:5: 1730 daAuts
     D:1: 1377 daAuts
     D:4: 1152 daAuts
     D:3: 1087 daAuts
     D:2: 684 daAuts
     D:6: 549 daAuts
     D:7: 476 daAuts
     D:8: 405 daAuts
   Sewer: 305 daAuts
  Temple: 181 daAuts
